[Event "Titled Tuesday Blitz May 24 Early 2022"]
[White "Demchenko, Anton"]
[Black "Petrovskyi, Vadym"]
[WhiteFideId "4160258"]
[BlackFideId "14165210"]
[WhiteElo "2539"]
[BlackElo "2400"]
[Result "1/2-1/2"]
[Round "11"]
[TimeControl "180+1"]
[Date "2022.05.24"]
[WhiteClock "0:00:02"]
[BlackClock "0:00:27"]

1. e4 c5 2. Nf3 d6 3. d4 cxd4 4. Qxd4 Nc6 5. Bb5 Bd7 6. Bxc6 Bxc6 7. Nc3 Nf6 8. Bg5 e6 9. O-O-O Be7 10. Qd3 Qa5 11. Bd2 Qc7 12. Nd4 O-O 13. f4 Rfd8 14. Rhe1 d5 15. e5 Nd7 16. Qg3 Bc5 17. Nce2 Bxd4 18. Nxd4 Nc5 19. f5 Ne4 20. Qf4 exf5 21. Nxf5 Rac8 22. Qg4 g6 23. Nh6+ Kg7 24. Rxe4 dxe4 25. Qg5 Rxd2 26. Rxd2 Bd7 27. Rf2 Be6 28. Nxf7 Bxf7 29. Qf6+ Kh6 30. Qf4+ Kg7 31. Qf6+ Kh6 32. Qh4+ Kg7 33. Qf6+ 1/2-1/2


[Site "https://www.chess.com"]

[Event "Titled Tuesday Blitz May 24 Early 2022"]
[White "Derraugh, Geordie"]
[Black "Dimitrov, Atanas"]
[WhiteFideId "2603950"]
[BlackFideId "2901315"]
[WhiteElo "2116"]
[BlackElo "2661"]
[Result "0-1"]
[Round "11"]
[TimeControl "180+1"]
[Date "2022.05.25"]
[WhiteClock "0:00:02"]
[BlackClock "0:00:11"]

1. e4 c5 2. Nf3 d6 3. Bb5+ Bd7 4. Bxd7+ Nxd7 5. O-O Ngf6 6. Qe2 e6 7. c4 Be7 8. d4 cxd4 9. Nxd4 Rc8 10. Nc3 O-O 11. b3 a6 12. Bb2 Qa5 13. a3 b5 14. b4 Qb6 15. cxb5 Ne5 16. Na4 Qa7 17. bxa6 Nc4 18. b5 Nxb2 19. Qxb2 Nxe4 20. Nc6 Rxc6 21. bxc6 Qxa6 22. Qc2 d5 23. Rab1 Bd6 24. Rb6 Qa7 25. Rb7 Qa5 26. Rfb1 g6 27. c7 Kg7 28. c8=Q Rxc8 29. Qxc8 Qd2 30. Rf1 Qf4 31. g3 Qf3 32. Qxe6 Ng5 33. Qd7 Be5 34. h4 Ne4 35. Qh3 Bd4 36. Qg2 Bxf2+ 37. Kh1 Nxg3+ 38. Kh2 Nxf1+ 39. Qxf1 Qf4+ 40. Kg2 Qg3+ 41. Kh1 Qxh4+ 42. Kg2 Qg3+ 43. Kh1 Be3 44. Qg2 Qe1+ 45. Kh2 Bf4+ 46. Kh3 Qe6+ 47. Qg4 Qe3+ 48. Kg2 Qe4+ 49. Qf3 Qc2+ 50. Kh3 Qxa4 51. Qxd5 Qxa3+ 52. Kg2 Qg3+ 53. Kf1 Qh3+ 54. Ke2 Qg4+ 55. Kf1 Qf5 56. Qxf5 gxf5 57. Rb4 Bg5 58. Kg2 Kg6 59. Kf3 f4 60. Rb6+ f6 61. Rb8 h5 62. Rg8+ Kf5 63. Rh8 h4 64. Rh7 Ke5 65. Re7+ Kd4 66. Rd7+ Ke5 67. Re7+ Kd6 68. Re1 Kd5 69. Re8 Kd4 70. Re4+ Kc3 71. Re6 Kd2 72. Rxf6 Bxf6 73. Kxf4 Ke2 74. Kg4 Kf2 75. Kh3 Kg1 76. Kg4 Kg2 77. Kf5 h3 0-1


[Site "https://www.chess.com"]

[Event "Titled Tuesday Blitz May 24 Early 2022"]
[White "Dmitrenko, Viktor"]
[Black "Molina, Roberto Junio Brito"]
[WhiteFideId "14110270"]
[BlackFideId "2109450"]
[WhiteElo "2218"]
[BlackElo "2432"]
[Result "1-0"]
[Round "11"]
[TimeControl "180+1"]
[Date "2022.05.25"]
[WhiteClock "0:00:49"]
[BlackClock "0:01:33"]

1. d4 d6 2. c4 Nf6 3. Nc3 g6 4. e4 Bg7 5. Be2 e5 6. dxe5 dxe5 7. Qxd8+ Kxd8 8. Bg5 c6 9. f4 h6 10. Bh4 Nd7 11. Nf3 Re8 12. O-O-O Kc7 13. fxe5 Ng4 14. e6 fxe6 15. Bg3+ e5 16. Nh4 Ne3 17. Rd3 g5 18. Rxe3 gxh4 19. Bxh4 Nc5 20. Rg3 Bf8 21. Bh5 Re6 22. Rf1 Bd7 23. b4 Na6 24. Rg8 Bxb4 25. Rxa8 Bxc3 26. Rf7 Rd6 27. Bd8# 1-0


[Site "https://www.chess.com"]

[Event "Titled Tuesday Blitz May 24 Early 2022"]
[White "Dobre, Claudiu-Cristian"]
[Black "Chuemsakul, Sarocha"]
[WhiteFideId "1211854"]
[BlackFideId "6203710"]
[WhiteElo "2207"]
[BlackElo "1703"]
[Result "0-1"]
[Round "11"]
[TimeControl "180+1"]
[Date "2022.05.25"]
[WhiteClock "0:00:01"]
[BlackClock "0:00:06"]

1. c4 Nf6 2. Nf3 g6 3. Nc3 Bg7 4. d4 d6 5. e4 O-O 6. Be2 e5 7. O-O Nc6 8. d5 Ne7 9. Ne1 Nd7 10. f3 f5 11. g4 f4 12. h4 Kh8 13. Rf2 Ng8 14. Rh2 a5 15. Nd3 b6 16. Bd2 Nc5 17. Be1 Bd7 18. Bf2 Nf6 19. Ne1 Qc8 20. Rg2 Rg8 21. Kh2 Bf8 22. Rg1 Be7 23. b3 h6 24. Qc2 h5 25. g5 Ng4+ 26. Kg2 Qd8 27. Kf1 Bxg5 28. hxg5 Qxg5 29. fxg4 hxg4 30. Rh1+ Kg7 31. Bh4 Qh5 32. Bf6+ Kxf6 33. Rxh5 gxh5 34. Nd3 h4 35. Nxc5 bxc5 36. Ke1 h3 37. Kd2 h2 38. Rh1 g3 39. Bf3 Bg4 40. Qd1 Bxf3 41. Qxf3 g2 42. Rxh2 g1=Q 43. Qh3 Qg4 44. Qxg4 Rxg4 45. Rh7 Rg7 46. Rh6+ Kg5 47. Rh1 Rag8 48. Nb5 Kf6 49. Kc3 Rg3+ 50. Kb2 Re3 51. Nxc7 Rg2+ 52. Ka3 Ree2 53. Ka4 Rxa2+ 54. Kb5 Rgb2 55. Kc6 Rxb3 56. Ne8+ Ke7 57. Nxd6 f3 58. Rh7+ Kf6 59. Rf7+ Kg6 60. Rf5 f2 61. Nf7 Rb1 62. Nxe5+ Kh6 63. Ng4+ Kg6 64. Nxf2 Rf1 65. Nd3 Rf4 66. Nxf4+ Kh6 0-1


[Site "https://www.chess.com"]

[Event "Titled Tuesday Blitz May 24 Early 2022"]
[White "Fernandez Hernandez, Gerardo"]
[Black "Soumya, Swaminathan"]
[WhiteFideId "2207400"]
[BlackFideId "5016193"]
[WhiteElo "2213"]
[BlackElo "2115"]
[Result "1-0"]
[Round "11"]
[TimeControl "180+1"]
[Date "2022.05.25"]
[WhiteClock "0:00:32"]
[BlackClock "0:00:06"]

1. e4 c5 2. d3 Nc6 3. g3 g6 4. Bg2 Bg7 5. f4 d6 6. Nf3 e6 7. O-O Nge7 8. c3 O-O 9. Be3 f5 10. Nbd2 b6 11. Bf2 Ba6 12. exf5 Bxd3 13. fxg6 Bxf1 14. gxh7+ Kh8 15. Qxf1 d5 16. Ng5 Rf6 17. Re1 Qd6 18. Rxe6 Qd7 19. Bh3 Qe8 20. Qe2 Rf8 21. Bg4 Rd8 22. Bh5 Qd7 23. Nf7+ Rxf7 24. Bxf7 Nf5 25. Re8+ Kxh7 26. Qh5+ 1-0


[Site "https://www.chess.com"]

[Event "Titled Tuesday Blitz May 24 Early 2022"]
[White "Ferreira, Vitor Hugo Vieira"]
[Black "Shuvalova, Polina"]
[WhiteFideId "2119765"]
[BlackFideId "24171760"]
[WhiteElo "2165"]
[BlackElo "2355"]
[Result "0-1"]
[Round "11"]
[TimeControl "180+1"]
[Date "2022.05.25"]
[WhiteClock "0:00:53"]
[BlackClock "0:01:04"]

1. e4 c5 2. Nf3 d6 3. d4 cxd4 4. Nxd4 Nf6 5. Nc3 a6 6. h3 e5 7. Nb3 h5 8. Be3 Be6 9. Qf3 Nbd7 10. O-O-O Rc8 11. Nd5 Bxd5 12. exd5 g6 13. Kb1 Bg7 14. g4 e4 15. Qg2 hxg4 16. hxg4 Rxh1 17. Qxh1 Qe7 18. g5 Ng4 19. Qh7 Nxe3 20. fxe3 Qe5 21. Nd4 Nf8 22. Qh3 Rc5 23. c4 Qxg5 24. Nb3 Qe5 25. Rd2 Rc7 26. c5 dxc5 27. d6 Rd7 28. Qg2 b5 29. a4 c4 30. Na5 f5 31. axb5 axb5 32. Nc6 Qc5 33. Nd4 Rxd6 34. Qg3 Bxd4 35. exd4 Rxd4 36. Qb8+ Kf7 37. Qb7+ Kg8 38. Rf2 Rd1+ 39. Kc2 Qxf2+ 40. Kxd1 Qxf1+ 41. Kc2 Qd3+ 42. Kc1 c3 43. bxc3 Qxc3+ 44. Kb1 Qb3+ 45. Ka1 b4 46. Qd5+ Qxd5 0-1


[Site "https://www.chess.com"]

[Event "Titled Tuesday Blitz May 24 Early 2022"]
[White "Gaehwiler, Gabriel"]
[Black "Gurevich, Dmitry"]
[WhiteFideId "1314530"]
[BlackFideId "2000407"]
[WhiteElo "2383"]
[BlackElo "2506"]
[Result "1-0"]
[Round "11"]
[TimeControl "180+1"]
[Date "2022.05.25"]
[WhiteClock "0:02:11"]
[BlackClock "0:00:18"]

1. Nf3 Nf6 2. c4 e6 3. g3 d5 4. Bg2 Be7 5. O-O O-O 6. d4 c6 7. Qc2 b6 8. Rd1 Na6 9. Nc3 Bb7 10. b3 Qc8 11. Bg5 h6 12. Bxf6 Bxf6 13. e4 Rd8 14. e5 Be7 15. Rac1 c5 16. cxd5 Nb4 17. Qe2 Nxd5 18. Nxd5 Bxd5 19. Ne1 Bxg2 20. Nxg2 Qb7 21. d5 Rxd5 22. Rxd5 Qxd5 23. Rd1 Qb7 24. Nf4 Rd8 25. Rxd8+ Bxd8 26. Qd3 Bg5 27. Ne2 Be7 28. f4 Qc7 29. Qb5 Qd8 30. Kf2 g5 31. Qc6 gxf4 32. gxf4 Bh4+ 33. Ke3 Qd5 34. Qxd5 exd5 35. Kd3 f6 36. e6 f5 37. Nc3 d4 38. Nb5 a6 39. Nd6 Bf6 40. Nxf5 h5 41. Ng3 h4 42. Ne4 Kg7 43. f5 Be7 44. h3 b5 45. f6+ Bxf6 46. Nxc5 a5 47. Nb7 a4 48. Nd6 axb3 49. axb3 Kf8 50. Nxb5 Ke7 51. Nxd4 Kd6 52. Ke4 Kc5 53. Nf5 1-0


[Site "https://www.chess.com"]

[Event "Titled Tuesday Blitz May 24 Early 2022"]
[White "Gallego Alcaraz, Andres Felipe"]
[Black "Rustemov, Alexander"]
[WhiteFideId "4402669"]
[BlackFideId "4119002"]
[WhiteElo "2340"]
[BlackElo "2806"]
[Result "0-1"]
[Round "11"]
[TimeControl "180+1"]
[Date "2022.05.24"]
[WhiteClock "0:00:02"]
[BlackClock "0:00:03"]

1. d4 f5 2. Nf3 Nf6 3. g3 g6 4. Bg2 Bg7 5. O-O d6 6. c4 O-O 7. Nc3 Nc6 8. d5 Na5 9. Nd2 c5 10. Qc2 e5 11. a3 b6 12. b4 Nb7 13. Nb3 Bd7 14. bxc5 dxc5 15. a4 Nd6 16. Nb5 Nfe8 17. Nxd6 Nxd6 18. a5 e4 19. Ra2 Qe7 20. Bf4 g5 21. Bxd6 Qxd6 22. e3 Qe5 23. Rb1 g4 24. Nd2 Qc3 25. Bf1 Qxc2 26. Rxc2 Rfb8 27. a6 h5 28. Be2 Kf7 29. h4 gxh3 30. Bf1 h4 31. gxh4 Rh8 32. Bxh3 Rxh4 33. Bg2 Rah8 34. Nf1 Be5 35. Ng3 Rg8 36. Ra2 Kf6 37. Kf1 Rhg4 38. Bh3 Rxg3 39. fxg3 Rxg3 40. Rxb6+ Kg5 41. Rb7 Rxh3 42. Rg2+ Bg3 43. Rxd7 f4 44. exf4+ Kxf4 45. Rf7+ Ke3 46. Rxa7 Kd3 47. Rg7 Bf4 48. a7 e3 49. a8=Q Rh1+ 50. Rg1 e2+ 51. Kf2 Be3+ 52. Kf3 Bxg1 53. Qa3+ Kxc4 54. Qa2+ Kd4 55. Qxe2 Rh3+ 56. Kg4 Re3 57. Qd2+ Rd3 58. Qf4+ Kc3 0-1


[Site "https://www.chess.com"]

[Event "Titled Tuesday Blitz May 24 Early 2022"]
[White "Garv Gaur"]
[Black "Zavgorodniy, Sergiy"]
[WhiteFideId "45030839"]
[BlackFideId "14110148"]
[WhiteElo "1950"]
[BlackElo "2420"]
[Result "1-0"]
[Round "11"]
[TimeControl "180+1"]
[Date "2022.05.25"]
[WhiteClock "0:01:19"]
[BlackClock "0:00:48"]

1. d4 Nf6 2. Nf3 e6 3. c4 Bb4+ 4. Bd2 Qe7 5. g3 Nc6 6. Bg2 Bxd2+ 7. Nbxd2 d6 8. O-O e5 9. d5 Nb8 10. Nb1 O-O 11. Nc3 a5 12. a3 Bg4 13. b4 Bxf3 14. exf3 Na6 15. Qb3 g6 16. Rfe1 Rfe8 17. f4 e4 18. Nxe4 Nxe4 19. Rxe4 Qf6 20. Rae1 Rxe4 21. Bxe4 Re8 22. Re3 Qa1+ 23. Kg2 a4 24. Qxa4 Qd4 25. Qxe8+ 1-0


[Site "https://www.chess.com"]

[Event "Titled Tuesday Blitz May 24 Early 2022"]
[White "Gatterer, Florian"]
[Black "Kowalysko, Roman"]
[WhiteFideId "811688"]
[BlackFideId "30918510"]
[WhiteElo "2218"]
[BlackElo "2172"]
[Result "1/2-1/2"]
[Round "11"]
[TimeControl "180+1"]
[Date "2022.05.25"]
[WhiteClock "0:02:51"]
[BlackClock "0:02:45"]

1. f4 d5 2. Nf3 c6 3. g3 Bg4 4. Bg2 Nd7 5. h3 Bxf3 6. Bxf3 e5 7. d3 Bd6 8. e3 exf4 9. exf4 Qe7+ 10. Qe2 Qxe2+ 11. Kxe2 1/2-1/2


[Site "https://www.chess.com"]

[Event "Titled Tuesday Blitz May 24 Early 2022"]
[White "Grischuk, Alexander"]
[Black "Swiercz, Dariusz"]
[WhiteFideId "4126025"]
[BlackFideId "1126881"]
[WhiteElo "2762"]
[BlackElo "2627"]
[Result "0-1"]
[Round "11"]
[TimeControl "180+1"]
[Date "2022.05.24"]
[WhiteClock "0:00:03"]
[BlackClock "0:00:04"]

1. d4 Nf6 2. c4 e6 3. Nc3 Bb4 4. e3 O-O 5. a3 Bxc3+ 6. bxc3 c5 7. Bd3 Nc6 8. Nf3 d6 9. e4 e5 10. h3 b6 11. O-O cxd4 12. cxd4 Ba6 13. Qa4 Qc8 14. Bb2 Re8 15. Rfe1 Nd7 16. Rac1 Qb7 17. Qd1 Rac8 18. Nh4 g6 19. Nf3 Na5 20. Qe2 Nb3 21. Rcd1 Na5 22. Rc1 Nb3 23. Rc2 Na5 24. Nd2 Qc6 25. Qe3 Qa4 26. Rec1 Nc6 27. Nf3 Na5 28. Qh6 f6 29. h4 Nf8 30. h5 Qd7 31. hxg6 hxg6 32. Qe3 Nc6 33. a4 Nb4 34. Rd2 Nxd3 35. Qxd3 Qf7 36. Rdc2 Ne6 37. Qe3 Nf4 38. g3 Ne6 39. Ba3 Red8 40. d5 Nc5 41. Bxc5 Rxc5 42. Nd2 Kg7 43. Nb3 Rcc8 44. Kg2 Rh8 45. a5 Qd7 46. Kf1 Qa4 47. Ke2 Rxc4 48. Kd2 Qb4+ 49. Kd1 Rh1+ 50. Ke2 Rxc2+ 0-1


[Site "https://www.chess.com"]

[Event "Titled Tuesday Blitz May 24 Early 2022"]
[White "Gronnestad, Anita"]
[Black "Galiana Fernandez, Adrian"]
[WhiteFideId "1502972"]
[BlackFideId "32010150"]
[WhiteElo "1933"]
[BlackElo "2133"]
[Result "0-1"]
[Round "11"]
[TimeControl "180+1"]
[Date "2022.05.25"]
[WhiteClock "0:00:44"]
[BlackClock "0:00:14"]

1. d4 Nf6 2. c4 g6 3. Nf3 Bg7 4. Nc3 O-O 5. g3 c5 6. Bg2 cxd4 7. Nxd4 Nc6 8. O-O Qa5 9. Ncb5 Rd8 10. Bd2 Qb6 11. Be3 Qa5 12. a3 Nxd4 13. Bxd4 Re8 14. b4 Qd8 15. Bxa7 d6 16. Bd4 Bd7 17. Bxb7 Rb8 18. Bg2 d5 19. Bxf6 Bxf6 20. Nd4 dxc4 21. Rc1 Qc7 22. e3 Rec8 23. Qc2 c3 24. Rfd1 Ra8 25. Qb3 Ba4 26. Qa2 Bxd1 27. Bxa8 Rxa8 28. Rxd1 Bxd4 29. exd4 c2 30. Rc1 Rc8 31. b5 Qc3 32. a4 Qxd4 33. a5 Qd1+ 34. Kg2 Qxc1 35. b6 Qd1 0-1


[Site "https://www.chess.com"]

[Event "Titled Tuesday Blitz May 24 Early 2022"]
[White "Gulevich, Artem"]
[Black "Golubev, Mikhail"]
[WhiteFideId "24119580"]
[BlackFideId "14100983"]
[WhiteElo "2218"]
[BlackElo "2374"]
[Result "0-1"]
[Round "11"]
[TimeControl "180+1"]
[Date "2022.05.25"]
[WhiteClock "0:00:16"]
[BlackClock "0:00:19"]

1. Nf3 d6 2. d4 Nf6 3. b3 g6 4. Bb2 Bg7 5. e3 O-O 6. Be2 a5 7. a3 b6 8. O-O Bb7 9. Nbd2 Nbd7 10. c4 Re8 11. Qc2 e5 12. dxe5 dxe5 13. Rfd1 e4 14. Nd4 Qe7 15. Bc3 Ne5 16. b4 axb4 17. axb4 c5 18. bxc5 bxc5 19. Nb5 Red8 20. Nb3 Rxa1 21. Rxa1 Nf3+ 22. gxf3 exf3 23. Bf1 Ne4 24. Bxg7 Qg5+ 25. Kh1 Kxg7 26. Nc3 Nf6 27. Rd1 Rxd1 28. Qxd1 Ng4 29. Qd2 Qh4 30. h3 Nxf2+ 31. Kg1 Qg3+ 0-1


[Site "https://www.chess.com"]

[Event "Titled Tuesday Blitz May 24 Early 2022"]
[White "Haas, Michael"]
[Black "Borgaonkar Akshay"]
[WhiteFideId "1629514"]
[BlackFideId "25639110"]
[WhiteElo "1982"]
[BlackElo "1639"]
[Result "0-1"]
[Round "11"]
[TimeControl "180+1"]
[Date "2022.05.25"]
[WhiteClock "0:00:05"]
[BlackClock "0:00:57"]

1. d4 Nf6 2. c4 g6 3. g3 Bg7 4. Bg2 O-O 5. Nc3 d6 6. e4 e5 7. Nf3 Nc6 8. d5 Ne7 9. O-O Ne8 10. Bg5 h6 11. Be3 f5 12. Qc1 Kh7 13. b4 Nf6 14. Rb1 Nh5 15. Bd2 f4 16. Ne2 g5 17. Ne1 Ng6 18. f3 g4 19. fxg4 Bxg4 20. Bf3 Bxf3 21. Rxf3 fxg3 22. Nxg3 Nxg3 23. Rxg3 Qf6 24. Nd3 Nh4 25. Kh1 Rf7 26. Be3 Raf8 27. Qd2 Nf3 28. Qg2 Nh4 29. Qh3 Ng6 30. Rbg1 Nf4 31. Bxf4 exf4 32. Rf3 Qd4 33. Qg4 Qxe4 34. h3 Bd4 35. Rg2 Rg7 36. Qh5 Rxg2 37. Kxg2 Qe2+ 38. Nf2 Bxf2 0-1


[Site "https://www.chess.com"]

[Event "Titled Tuesday Blitz May 24 Early 2022"]
[White "Hartikainen, Jarmo"]
[Black "De Souza, Cristiano Gomes"]
[WhiteFideId "503134"]
[BlackFideId "2151758"]
[WhiteElo "2133"]
[BlackElo "2068"]
[Result "0-1"]
[Round "11"]
[TimeControl "180+1"]
[Date "2022.05.25"]
[WhiteClock "0:00:05"]
[BlackClock "0:01:07"]

1. e4 c5 2. c3 d6 3. d4 Nf6 4. Bd3 Qc7 5. Ne2 g6 6. O-O Bg7 7. f3 O-O 8. Be3 b6 9. Qd2 e5 10. Na3 Ba6 11. Bxa6 Nxa6 12. Rac1 exd4 13. cxd4 Rad8 14. Bh6 Nb4 15. Bxg7 Kxg7 16. b3 h5 17. Nc4 d5 18. Ne3 Qe7 19. e5 Nh7 20. f4 f5 21. a3 Nc6 22. dxc5 d4 23. Nc4 bxc5 24. Nd6 Rxd6 25. exd6 Qxd6 26. Rfd1 Nf6 27. Ng3 Ne4 28. Qc2 Qxf4 29. Rf1 Qe3+ 30. Kh1 Nxg3+ 31. hxg3 Ne5 32. Qxc5 Ng4 33. Rf3 Qe4 34. Qc6 Re8 35. Qxe4 fxe4 36. Rf4 d3 37. Rd1 e3 38. Rxd3 Nf2+ 39. Rxf2 exf2 40. Rf3 Re1+ 41. Kh2 f1=Q 42. Rxf1 Rxf1 43. b4 Kf6 0-1


[Site "https://www.chess.com"]

[Event "Titled Tuesday Blitz May 24 Early 2022"]
[White "Ibrahimli, Murad"]
[Black "Keymer, Vincent"]
[WhiteFideId "13410229"]
[BlackFideId "12940690"]
[WhiteElo "2109"]
[BlackElo "2548"]
[Result "1/2-1/2"]
[Round "11"]
[TimeControl "180+1"]
[Date "2022.05.24"]
[WhiteClock "0:00:16"]
[BlackClock "0:00:10"]

1. Nf3 d5 2. d4 Nf6 3. c4 e6 4. Nc3 c5 5. cxd5 Nxd5 6. e4 Nxc3 7. bxc3 cxd4 8. cxd4 Bb4+ 9. Bd2 Bxd2+ 10. Qxd2 O-O 11. Bc4 Nd7 12. O-O b6 13. Rad1 Bb7 14. Rfe1 Rc8 15. Bb3 h6 16. Re3 Nf6 17. Qe1 Re8 18. h3 Qc7 19. d5 exd5 20. e5 Nd7 21. Ba4 Bc6 22. Bxc6 Qxc6 23. Nd4 Qa4 24. Nf5 Rc6 25. Rxd5 Nf8 26. a3 Ng6 27. Rd4 Qc2 28. Nd6 Re6 29. f4 Qb2 30. Rd2 Qc1 31. g3 Nf8 32. Qxc1 Rxc1+ 33. Kf2 f6 34. g4 fxe5 35. f5 Re7 36. Ne4 Nd7 37. Red3 Nc5 38. Rd8+ Kh7 39. Nxc5 Rxc5 40. R2d7 Rc7 41. Rxe7 Rxe7 42. Ke3 e4 43. Rd4 Kg8 44. Rd6 Kf7 45. h4 Rc7 46. Kxe4 Rc4+ 47. Kf3 Ra4 48. Rd7+ Kf6 49. Rd6+ Ke5 50. Re6+ Kd5 51. Re7 Rxa3+ 52. Kf4 b5 53. Rxg7 Ra4+ 54. Kf3 Ra3+ 55. Kf4 Ra4+ 56. Kf3 Ra3+ 57. Kf2 Ke5 58. Re7+ Kf4 59. f6 Kxg4 60. Re5 Rf3+ 61. Kg2 Rxf6 62. Rxb5 Kxh4 63. Ra5 a6 64. Ra4+ Kg5 65. Kg3 h5 66. Ra5+ Kg6 67. Kh4 Rb6 68. Rg5+ Kf6 69. Rxh5 Ke7 70. Kg4 Kd6 71. Kf3 Kc6 72. Rh6+ Kb5 73. Rxb6+ Kxb6 74. Ke3 Kb5 75. Kd2 Kb4 76. Kc1 Kb3 77. Kb1 a5 78. Ka1 a4 79. Kb1 a3 80. Ka1 a2 1/2-1/2


[Site "https://www.chess.com"]

[Event "Titled Tuesday Blitz May 24 Early 2022"]
[White "Jian, Alex"]
[Black "Kejzar, Petra"]
[WhiteFideId "30901022"]
[BlackFideId "14610213"]
[WhiteElo "2111"]
[BlackElo "2004"]
[Result "1-0"]
[Round "11"]
[TimeControl "180+1"]
[Date "2022.05.25"]
[WhiteClock "0:00:07"]
[BlackClock "0:00:56"]

1. Nf3 Nf6 2. b3 d6 3. d4 e5 4. dxe5 dxe5 5. Qxd8+ Kxd8 6. Nxe5 Be6 7. Bb2 Nbd7 8. Nxd7 Kxd7 9. e3 Be7 10. Nd2 c6 11. Bc4 b5 12. Bxe6+ Kxe6 13. Nf3 c5 14. Ng5+ Kd7 15. Nxf7 Rhf8 16. Ne5+ Kc7 17. Rd1 a5 18. O-O a4 19. Nd3 axb3 20. axb3 c4 21. Nf4 Ra2 22. Ne6+ Kb7 23. Nxf8 Rxb2 24. Nd7 Rxc2 25. bxc4 Rxc4 26. Nxf6 Bxf6 27. Rb1 Kc6 28. Rfc1 Kc5 29. Kf1 b4 30. Ke2 Bc3 31. Kd3 Rg4 32. g3 Rg6 33. Rxc3+ bxc3 34. Kxc3 Rh6 35. h4 Rf6 36. Rb2 Kd5 37. Kd3 Ra6 38. e4+ Ke5 39. f4+ Ke6 40. Rb3 Ra1 41. Ke3 Rg1 42. Kf3 Rd1 43. Rb6+ Ke7 44. e5 Re1 45. Kg4 Re3 46. f5 h5+ 47. Kf4 Re1 48. Rb7+ Kf8 49. e6 Re2 50. Kg5 Re3 51. g4 hxg4 52. Kxg4 Re4+ 53. Kg5 Re1 54. Rf7+ Kg8 55. f6 Rxe6 56. Rxg7+ Kh8 57. Rg6 Re1 58. f7 Rg1+ 59. Kf5 Rf1+ 60. Ke6 Re1+ 61. Kd7 Rd1+ 62. Ke7 Re1+ 63. Re6 1-0


[Site "https://www.chess.com"]

[Event "Titled Tuesday Blitz May 24 Early 2022"]
[White "Kalogridis, Antonios"]
[Black "Jakubowski, Krzysztof"]
[WhiteFideId "25833901"]
[BlackFideId "1112848"]
[WhiteElo "1596"]
[BlackElo "2365"]
[Result "0-1"]
[Round "11"]
[TimeControl "180+1"]
[Date "2022.05.25"]
[WhiteClock "0:00:10"]
[BlackClock "0:00:17"]

1. d4 Nf6 2. Nf3 e6 3. c4 b6 4. Nc3 Bb7 5. g3 Bb4 6. Bg2 c5 7. O-O cxd4 8. Nxd4 Bxg2 9. Kxg2 Qc8 10. Qd3 Nc6 11. Ndb5 Ne5 12. Qd4 Qc6+ 13. f3 Nxc4 14. b3 Bxc3 15. Nxc3 Na5 16. Ba3 a6 17. Rac1 Qb7 18. Qd6 Nc6 19. Na4 b5 20. Rxc6 dxc6 21. Nc5 Qc8 22. Rd1 Ra7 23. e4 a5 24. Bb2 Qc7 25. Qd2 Qe7 26. Qg5 O-O 27. Rd7 Rxd7 28. Nxd7 h6 29. Nxf6+ Qxf6 30. Qd2 e5 31. Qc2 Rd8 32. f4 Qd6 33. Bxe5 Qd2+ 34. Qxd2 Rxd2+ 35. Kf3 Rxa2 36. f5 a4 37. h4 axb3 38. Kg4 Rg2 39. f6 gxf6 40. Bxf6 b2 41. e5 b1=Q 42. e6 Qe4+ 43. Kh3 Rg1 44. e7 Qg2+ 45. Kg4 Qxg3+ 46. Kh5 Qg6# 0-1


[Site "https://www.chess.com"]

[Event "Titled Tuesday Blitz May 24 Early 2022"]
[White "Kamsky, Gata"]
[Black "Oparin, Grigoriy"]
[WhiteFideId "2000024"]
[BlackFideId "24125890"]
[WhiteElo "2645"]
[BlackElo "2665"]
[Result "1-0"]
[Round "11"]
[TimeControl "180+1"]
[Date "2022.05.24"]
[WhiteClock "0:00:03"]
[BlackClock "0:00:04"]

1. d4 Nf6 2. Nf3 d5 3. Bf4 e6 4. e3 c5 5. c3 Nc6 6. Nbd2 cxd4 7. exd4 Nh5 8. Be3 Bd6 9. Ne5 g6 10. f4 O-O 11. Be2 Ng7 12. O-O f6 13. Nd3 b6 14. g3 Ba6 15. Bf2 Bc7 16. Qa4 Bb7 17. Bf3 Nf5 18. Rfe1 Qd7 19. Bg2 Rad8 20. Rac1 Bb8 21. Qd1 Ba6 22. Nf3 Nd6 23. b3 Ne4 24. Be3 Ne7 25. Nf2 Nf5 26. Bd2 Nxf2 27. Kxf2 Nd6 28. Kg1 Ne4 29. c4 Rc8 30. Bb4 Rfd8 31. cxd5 exd5 32. Nd2 Bd3 33. Rxc8 Rxc8 34. a4 a5 35. Ba3 Nc3 36. Qa1 Bf5 37. Re3 Qc6 38. h3 h5 39. Kh2 Kg7 40. Bf3 Kg8 41. h4 Kg7 42. Qe1 Kg8 43. Re7 Ne4 44. Nxe4 dxe4 45. Bxe4 Bxe4 46. Qxe4 Qxe4 47. Rxe4 Rd8 48. d5 Bd6 49. Bb2 Bf8 50. Rd4 Kf7 51. Kg2 Bc5 52. Rd3 Rd7 53. Kf3 f5 54. Be5 Bd6 55. Ke3 Bc5+ 56. Kf3 Bd6 57. Bd4 Bc7 58. Be3 Ke7 59. Ke2 Kd6 60. Kd2 Re7 61. Kc2 Kd7 62. Kc3 Re4 63. Kc2 Re7 64. Kd2 Re4 65. Ke2 Bd8 66. Kf3 Bc7 67. Bd4 Re1 68. Re3 Rb1 69. Be5 Bd8 70. Rd3 Be7 71. d6 Bd8 72. Ke3 Rg1 73. Kd4 Rc1 74. Kd5 Rc5+ 75. Kd4 Rc1 76. Rc3 Rd1+ 77. Kc4 Kc6 78. b4 axb4 79. Kxb4+ Kd7 80. Kb5 Rb1+ 81. Ka6 Rb4 82. Ra3 Rb1 83. Kb7 Rb4 84. Ra2 Rb1 85. Rc2 Rb4 86. Rc6 Rxa4 87. Rc8 Rb4 88. Rc6 Rb3 89. Rc8 Ra3 90. Rc6 b5 91. Rc5 Ra5 92. Bc3 b4 93. Bxb4 Ra3 94. Bxa3 1-0


[Site "https://www.chess.com"]

[Event "Titled Tuesday Blitz May 24 Early 2022"]
[White "Karolczuk, Iwo"]
[Black "Sovetbekova, Nurai"]
[WhiteFideId "21816972"]
[BlackFideId "13801910"]
[WhiteElo "2258"]
[BlackElo "1660"]
[Result "1-0"]
[Round "11"]
[TimeControl "180+1"]
[Date "2022.05.25"]
[WhiteClock "0:02:03"]
[BlackClock "0:01:26"]

1. e4 c5 2. Nf3 d6 3. d4 cxd4 4. Nxd4 Nf6 5. Nc3 a6 6. Be3 e5 7. Nb3 Be7 8. Be2 Be6 9. Qd3 Nc6 10. a3 b5 11. Nd5 Bxd5 12. exd5 Na5 13. Nd2 Qc7 14. O-O O-O 15. Rac1 Rac8 16. Rfd1 Nd7 17. c4 bxc4 18. Nxc4 Nxc4 19. Rxc4 Qa5 20. Rxc8 Rxc8 21. Qxa6 Qxa6 22. Bxa6 Rc2 23. Rb1 f5 24. Bd3 Rc7 25. Bxf5 Nb6 26. Bxb6 1-0


[Site "https://www.chess.com"]

[Event "Titled Tuesday Blitz May 24 Early 2022"]
[White "Keller, Peter"]
[Black "Juhasz, Agoston"]
[WhiteFideId "1272105"]
[BlackFideId "778346"]
[WhiteElo "2275"]
[BlackElo "2211"]
[Result "1-0"]
[Round "11"]
[TimeControl "180+1"]
[Date "2022.05.25"]
[WhiteClock "0:00:15"]
[BlackClock "0:00:05"]

1. e4 e6 2. d4 d5 3. Nc3 Bb4 4. e5 c5 5. a3 Bxc3+ 6. bxc3 Ne7 7. Qg4 Qc7 8. Qxg7 Rg8 9. Qxh7 cxd4 10. Ne2 dxc3 11. f4 Nbc6 12. h4 Bd7 13. h5 O-O-O 14. Qd3 Nf5 15. Rb1 d4 16. Rg1 f6 17. g4 Nh6 18. exf6 Rxg4 19. Rxg4 Nxg4 20. Qg6 e5 21. f5 Nh2 22. f7 Nxf1 23. Kxf1 d3 24. cxd3 Qa5 25. Bh6 Qxa3 26. f8=Q Rxf8 27. Bxf8 Qxf8 28. h6 Bxf5 29. Qg7 Qe7 30. Qxe7 Nxe7 31. Rc1 Kd7 32. Ng3 Bxd3+ 33. Kf2 Ng8 34. Rd1 e4 35. Nxe4 Ke6 36. h7 c2 37. Re1 1-0


[Site "https://www.chess.com"]

[Event "Titled Tuesday Blitz May 24 Early 2022"]
[White "Kholin, Aleksandr"]
[Black "Polster, Christian"]
[WhiteFideId "14179385"]
[BlackFideId "12965081"]
[WhiteElo "2473"]
[BlackElo "2323"]
[Result "1-0"]
[Round "11"]
[TimeControl "180+1"]
[Date "2022.05.25"]
[WhiteClock "0:01:59"]
[BlackClock "0:00:52"]

1. d4 Nf6 2. c4 c5 3. d5 b5 4. cxb5 a6 5. b6 d6 6. Nc3 Nbd7 7. e4 g6 8. Nf3 Bg7 9. Bd3 O-O 10. h3 Rb8 11. O-O Nxb6 12. Re1 Nfd7 13. Bf4 Qc7 14. Rc1 Qa7 15. Qd2 c4 16. Bc2 Nc5 17. Bh6 Bd7 18. e5 Nba4 19. Bxg7 Kxg7 20. exd6 exd6 21. Qd4+ Kg8 22. Nxa4 Bxa4 23. Bxa4 Nxa4 24. Qxa7 1-0


[Site "https://www.chess.com"]